 Dungeon Crawl Stone Soup version 0.24-a0-264-gf46a388 (webtiles) character file.

Game seed: 5634347523502718762

25 mhoghedin the Skirmisher (level 2, 0/26 HPs)
             Began as a Centaur Fighter on Apr 20, 2019.
             Slain by a leopard gecko (3 damage)
             ... on level 2 of the Dungeon.
             The game lasted 00:02:03 (694 turns).

mhoghedin the Skirmisher (Centaur Fighter)           Turns: 694, Time: 00:02:04

Health: 0/26       AC:  6    Str: 18    XL:     2   Next: 86%
Magic:  2/2        EV:  5    Int:  7    God:
Gold:   69         SH:  8    Dex:  8    Spells: 1/1 levels left

rFire    . . .     SeeInvis .   a - +0 flail
rCold    . . .     Gourm    .   c - +0 shield
rNeg     . . .     Faith    .   b - +0 scale mail
rPois    .         Spirit   .   (no helmet)
rElec    .         Reflect  .   (no cloak)
rCorr    .         Harm     .   (no gloves)
MR       .....                  (no barding)
Stlth    ..........             (no amulet)
HPRegen  0.08/turn              (no ring)
MPRegen  0.08/turn              (no ring)

@: very quick
A: large, hooves 3, deformed body, speed 2, tough skin 3
a: no special abilities


You were on level 2 of the Dungeon.
You were not hungry.

You visited 1 branch of the dungeon, and saw 2 of its levels.

You collected 69 gold pieces.

Inventory:

Hand Weapons
 a - a +0 flail (weapon)
Armour
 b - a +0 scale mail (worn)
 c - a +0 shield (worn)
Scrolls
 e - a scroll of teleportation {unknown}
 i - a scroll of identify {unknown}
 j - a scroll of fog {unknown}
 k - a scroll of noise {unknown}
 n - a scroll of remove curse {unknown}
Potions
 d - a potion of might
 g - a potion of heal wounds {unknown}
 h - a potion of ambrosia {unknown}
 l - a potion of brilliance {unknown}
 m - a potion of curing {unknown}
Comestibles
 f - a ration


   Skills:
 + Level 3.2 Fighting
 + Level 2.1 Maces & Flails
 + Level 2.3 Armour
 + Level 0.5 Dodging
 + Level 2.3 Shields


You had one spell level left.
You didn't know any spells.
Your spell library was empty.

Dungeon Overview and Level Annotations

Branches:
Dungeon (2/15)

Altars:


Innate Abilities, Weirdness & Mutations

You have hooves in place of feet.
Armour fits poorly on your strangely shaped body.
You cover ground very quickly.
You have extremely tough skin. (AC +3)


Message History

You hit the bat. The bat hits you but does no damage.
You block the bat's attack.
You hit the bat.
You kill the bat!
No target in view!
No target in view!
No target in view!
No target in view!
No target in view!
A goblin comes into view. It is wielding a +0 dagger.
The goblin shouts!
Found a stone staircase leading up.
Health restored: 26 A goblin is nearby!
A goblin is nearby!
You block the goblin's attack.
You barely miss the goblin. You kick the goblin.
You kill the goblin!
No target in view!
No target in view!
No target in view!
A kobold comes into view.
A kobold is nearby!
A kobold is nearby!
The kobold shouts!
You see here a +0 dagger.
You closely miss the kobold. Your kick misses the kobold.
You block the kobold's attack.
You hit the kobold.
You kill the kobold!
No target in view!
No target in view!
There is a stone staircase leading up here.
A ball python comes into view.
A ball python is nearby!
A ball python is nearby!
A ball python is nearby!
You closely miss the ball python. You kick the ball python.
You kill the ball python!
No target in view!
No target in view!
A worm comes into view.
A worm is nearby!
A worm is nearby!
You sock the worm! You block the worm's attack.
Your shield and scale mail prevent you from hitting the worm.
You kick the worm.
Your shield prevents you from hitting the worm.
The worm bites you.
You take 3 damage, and have 23/26 hp.
You thump the worm!
You kill the worm!
No target in view!
A kobold comes into view.
A kobold is nearby!
A kobold is nearby!
The kobold throws a stone.
The stone hits you but does no damage.
Found an escape hatch in the ceiling.
You see here a stone.
A gnoll comes into view. It is wielding a -2 whip.
The gnoll shouts!
You hear a shout! x2
An adder comes into view.
The adder hisses angrily.
You hear a shout! x2
A kobold comes into view. It is wielding a +0 short sword.
The kobold hits you but does no damage.
Things that are here:
a runed robe; a ring mail Your scale mail prevents you from hitting the adder.
The kobold shouts!
You block the adder's attack.
A gnoll comes into view. It is wielding a +0 spear.
You block the kobold's attack.
A gnoll comes into view. It is wielding a +0 halberd.
The adder bites you but does no damage.
You closely miss the adder. Your kick misses the adder.
The adder bites you but does no damage.
A rat comes into view.
A hobgoblin comes into view. It is wielding a +0 club.
A hobgoblin comes into view.
The kobold hits you but does no damage. You block the adder's attack.
The gnoll hits you with a cursed -2 whip.
The kobold barely misses you.
You closely miss the gnoll. The adder bites you but does no damage.
The kobold hits you but does no damage.
The rat twitches its whiskers.
The gnoll hits you with a cursed -2 whip.
The gnoll hits you from afar with a +0 spear.
The gnoll hits you from afar with a +0 halberd!
Ouch! That really hurt!
* * * LOW HITPOINT WARNING * * *
You block the adder's attack.
You take 22 damage, and have 2/26 hp.
MASSIVE DAMAGE!!
You see here a stone.
The kobold throws a stone.
The stone hits you but does no damage.
You see here a stone.
A leopard gecko comes into view.
The leopard gecko hisses angrily.
You closely miss the leopard gecko. The leopard gecko bites you.
You die...

#########.#### .# #.......)....#
...# #.####<##.##.# ...
####.##... ..... ..#.#####.###.#
#. ## # #.#.#####.# #.# #.#
#..##. #.##.#.......###.## #.<
...... #......########.l.#
#..#.#.#.. ####.### #.@.#
#........ ###.#### #...# #.....g#
##......# #...# #..#g##..
##.#.##.# #.g.#### #..K.....
#....##.#######.(.##.#####.#S###.
#..####.#...............##g#.#
.....................K.....#.#
.#......#.............g.####.#
.###..#########...##.#### .#


You could see a gnoll and a leopard gecko.

Vanquished Creatures
  A worm (D:2)
  A dart slug (D:1)
  3 ball pythons
  A bat (D:2)
  5 goblins
  2 hobgoblins (D:1)
  A kobold (D:2)
  2 frilled lizards (D:1)
  3 rats (D:1)
19 creatures vanquished.

Notes
Turn   | Place    | Note
-------+----------+-------------------------------------------
     0 | D:1      | mhoghedin the Centaur Fighter began the quest for the Orb.
     0 | D:1      | Reached XP level 1. HP: 19/19 MP: 1/1
   137 | D:1      | Reached XP level 2. HP: 25/26 MP: 2/2
   139 | D:1      | Reached skill level 2 in Maces & Flails
   675 | D:2      | HP: 2/26 [gnoll/+0 halberd (16)]
   694 | D:2      | Slain by a leopard gecko

Levels and vault maps discovered:
D:1:      dpeg_arrival_rhombi, layout_rooms
D:2:      layout_loops_cross, minmay_hexomino_u4, uniq_natasha

Skill      XL: |  1  2 |
---------------+-------+-----
Maces & Flails | 2 |  2.1
Fighting       | |  3.2
Armour         | |  2.3
Dodging        | |  0.5
Shields        | |  2.3

Action                   || total
-------------------------++-------
Melee: Flail             ||    59
       Kick              ||    10
Armor: Scale mail        ||    36
Dodge: Dodged            ||     8
Block: Shield            ||    24

Table legend:
 A = Non-vault XP
 B = Vault XP
 C = Vault XP percentage of total XP
 D = Non-vault monster count
 E = Vault monster count
 F = Vault count percentage of total count
                 A         B        C        D         E       F
            +---------+---------+-------+---------+---------+-------
      Total |      37 |       0 |   0.0 |      19 |       0 |   0.0
            +---------+---------+-------+---------+---------+-------
        D:1 |      22 |       0 |   0.0 |      13 |       0 |   0.0
        D:2 |      15 |       0 |   0.0 |       6 |       0 |   0.0
            +---------+---------+-------+---------+---------+-------

Levels and vault maps discovered:
D:1:      dpeg_arrival_rhombi, layout_rooms
D:2:      layout_loops_cross, minmay_hexomino_u4, uniq_natasha

Table legend:
 A = Turns spent in this place as a percentage of turns spent in the entire game.
 B = Non-inter-level travel turns spent in this place as a percentage of non-inter-level travel turns spent in the entire game.
 C = Inter-level travel turns spent in this place as a percentage of turns spent in this place.
 D = Turns resting spent in this place as a percentage of non-inter-level travel turns spent in this place.
 E = Turns spent auto-exploring this place as a percentage of non-inter-level travel turns spent in this place.
 F = Non-inter-level travel turns spent in this place divided by the number of levels of this place that you've seen.
                   A       B       C       D       E      F
               +-------+-------+-------+-------+-------+----------------------
         Total | 100.0 | 100.0 |   7.6 |   0.6 |  76.3 | 320.5
       Dungeon | 100.0 | 100.0 |   7.6 |   0.6 |  76.3 | 320.5
               +-------+-------+-------+-------+-------+----------------------

Table legend:
 A = Kills in this place as a percentage of kills in entire the game.
 B = Kills by you in this place as a percentage of kills by you in the entire game.
 C = Kills by friends in this place as a percentage of kills by friends in the entire game.
 D = Other kills in this place as a percentage of other kills in the entire game.
 E = Experience gained in this place as a percentage of experience gained in the entire game.
 F = Experience gained in this place divided by the number of levels of this place that you have seen.
                   A       B       C       D       E      F
               +-------+-------+-------+-------+-------+----------------------
         Total | 100.0 | 100.0 |   N/A |   N/A | 100.0 |  18.5
       Dungeon | 100.0 | 100.0 |   N/A |   N/A | 100.0 |  18.5
               +-------+-------+-------+-------+-------+----------------------
